 Dungeon Crawl Stone Soup version 0.31-a0-662-g684573625c (webtiles) character file.

Game seed: 17460207923564657558

100 Shayle the Changeling (level 4, -3/41 HPs)
             Began as an Ogre Shapeshifter on Sept 1, 2023.
             Killed from afar by an orc wizard (8 damage)
             ... with a magic dart
             ... on level 3 of the Dungeon.
             The game lasted 00:03:05 (2083 turns).

Shayle the Changeling (Ogre Shapeshifter)           Turns: 2083, Time: 00:03:05

Health: -3/41      AC:  3    Str: 18    XL:     4   Next: 74%
Magic:  13/13      EV:  9    Int: 13    God:
Gold:   77         SH:  0    Dex:  8    Spells: 3/3 levels left

rFire   . .          .
                       - Unarmed
rCold   . . .        (no shield)
rNeg    . . .        a - +0 animal skin
rPois   .            (helmet currently unavailable)
rElec   .            (cloak currently unavailable)
rCorr   .            (gloves unavailable)
SInv    .            (boots unavailable)
Will    .....        (no amulet)
Stlth   +            h - ring of magical power
HPRegen 0.26/turn    (no ring)
MPRegen 0.13/turn

%: no passive effects
@: beast-form
A: beast (slay +2), large, unfitting armour, tough skin 1
a: Begin Untransformation


You were on level 3 of the Dungeon.
You were a hulking beast.
You visited 1 branch of the dungeon, and saw 3 of its levels.

You collected 77 gold pieces.

Inventory:

Armour
 a - a +0 animal skin (worn)
Jewellery
 h - a ring of magical power (left hand)
Talismans
 c - a beast talisman (active)
 d - a flux talisman
Wands
 l - a wand of light (9)
Scrolls
 e - a scroll of immolation {unknown}
 f - 5 scrolls of noise {unknown}
Potions
 g - a potion of attraction {unknown}
 j - a potion of brilliance {unknown}
 k - a potion of degeneration {unknown}


   Skills:
 - Level 1.3 Fighting
 - Level 1.7 Dodging
 + Level 3.9 Unarmed Combat
 + Level 4.1 Shapeshifting


You had 3 spell levels left.
You didn't know any spells.
Your spell library contained the following spells:

 Spells                   Type           Power      Damage    Failure   Level
 Stone Arrow              Conj/Erth      0%         3d7       67%         3
 Animate Armour           Summ/Erth      0%         N/A       97%         4
 Lehudib's Crystal Spear  Conj/Erth      0%         10d2      100%        8


Dungeon Overview and Level Annotations

Branches:
Dungeon (3/15)

Altars:


Innate Abilities, Weirdness & Mutations

You are a hulking beast.
Your limbs bulge with bestial killing power. (Slay +2)
You are too large for most types of armour.
You have tough skin. (AC +1)


Message History

The adder bites you but does no damage.
You miss the adder.
The adder is moderately wounded.
The adder barely misses you.
You completely miss the adder.
The adder is moderately wounded.
The adder closely misses you.
You hit the adder.
The adder is severely wounded.
The adder bites you.
You miss the adder.
The adder is severely wounded.
The adder closely misses you.
You punch the adder!
You kill the adder!
You hit the orc.
The orc is lightly wounded.
You hit the orc.
You kill the orc!
You hit something. Your punch misses something.
Something hits you but does no damage.
You miss something.
You hear some strange, mumbled words.
A magic dart appears from out of thin air!
The magic dart hits you.
You miss something.
You hear some strange, mumbled words.
A magic dart appears from out of thin air!
The magic dart hits you.
* * * LOW HITPOINT WARNING * * *
You hit something. Something hits you but does no damage.
You hit something. Something hits you.
* * * LOW HITPOINT WARNING * * *
You completely miss something. Something hits you.
* * * LOW HITPOINT WARNING * * *
It was a potion of cancellation.
You feel magically purged.
You hear some strange, mumbled words.
A magic dart appears from out of thin air!
The magic dart hits you!
You die...

#.....# #.....# #.....# .
#.....# .. ## #.....# ...
.## #.....# .... ..#
#.....# .....
..#####.....#######......
................h{.......
..#####.....##.####......
..# ########.# ..... ..#
#.## .... ..# #..# ...
..# ##....)# ## ..#
####o# ..# ###


There were no monsters in sight!

Vanquished Creatures
  Natasha (D:3)
  An orc wizard (D:3)
  An adder (D:3)
  A dart slug (D:2)
  An orc (D:3)
  5 endoplasms
  2 giant cockroaches (D:1)
  2 hobgoblins
  2 quokkas (D:1)
  8 ball pythons
  4 bats
  4 frilled lizards
  5 goblins
  A kobold (D:2)
  A rat (D:1)
39 creatures vanquished.

Notes
Turn   | Place    | Note
-------+----------+-------------------------------------------
     0 | D:1      | Shayle the Ogre Shapeshifter began the quest for the Orb.
     0 | D:1      | Reached XP level 1. HP: 19/19 MP: 1/1
   245 | D:1      | Reached XP level 2. HP: 4/27 MP: 2/2
   653 | D:1      | Reached XP level 3. HP: 33/33 MP: 3/3
  1841 | D:3      | Noticed Natasha
  1866 | D:3      | HP: 1/33 [Natasha/magic dart (6)]
  1869 | D:3      | Killed Natasha
  1870 | D:3      | Reached XP level 4. HP: 5/41 MP: 4/4
  2062 | D:3      | Reached skill level 4 in Shapeshifting
  2083 | D:3      | Killed from afar by an orc wizard

Illustrated notes

Levels and vault maps discovered:
D:1:      lemuel_arrival_tunnels, layout_basic, minmay_misc_feat_roman,
          minmay_misc_feat_plants
D:2:      layout_basic
D:3:      layout_basic, good_gods_mini_temple, cheibriados_altar_1,
          uniq_natasha, uniq_terence

Skill      XL: |  1  2  3  4 |
---------------+-------------+-----
Unarmed Combat | 3 |  3.9
Shapeshifting  | 4 |  4.1
Fighting       | |  1.3
Dodging        | |  1.7

Action                     |  1- 3 |  4- 6 || total
---------------------------+-------+-------++-------
  Melee: Unarmed           |   123 |    32 ||   155
    Use: Potion            |     1 |     3 ||     4
   Stab: Sleeping          |     1 |       ||     1
 Armour: Animal skin       |    81 |    22 ||   103
         Skin              |     2 |       ||     2
  Dodge: Dodged            |    60 |    12 ||    72

Table legend: (Time is in decaauts)
 A = Elapsed time spent in this place.
 B = Non-inter-level travel time spent in this place.
 C = Inter-level travel time spent in this place.
 D = Time resting spent in this place.
 E = Time spent auto-exploring this place.
 F = Levels seen in this place.
 G = Mean time per level.
                   A        B        C        D        E       F      G
               +--------+--------+--------+--------+--------+-----+--------+
         Total |   2088 |   2020 |     68 |    300 |   1346 |   3 |  696.0 |
       Dungeon |   2088 |   2020 |     68 |    300 |   1346 |   3 |  696.0 |
               +--------+--------+--------+--------+--------+-----+--------+

Top non-repeatable levels by time:
     D:2: 924 daAuts
     D:1: 832 daAuts
     D:3: 331 daAuts
